Umenahisha, neutral female human Wizard ----- ------- |....# |..<..-#### #....|# |.....|############################################# #|.[.|# |.....|# ### ---.--------- --.--.-------- #---|-# -|--|--# # |`.........`| |............| #################### ###|@&...f.....-################# |...........%| # # ### #....-----...| # |............| # # |...|.{.|...| ##-............| ################# |..*|{...*..| -------------- ##-----.--- ....|...|...| ##|....>..| |..%-----...| ##......... |.....*.....| `|.......| |*.........[| --------- ------------- Umenahisha the Conjurer Experience level: 4 Strength: 11 Dexterity: 15 Constitution: 11 Intelligence: 18 Wisdom: 10 Charisma: 10 Health: 0(36) Energy: 4(28) Def: 2 Gold: 441 Moves: 2418 Dungeon seed: iSefHPP6JzTjFhCQ Game ID: Umenahisha_1487600773 Your Inventory: Coins $ - 441 gold pieces Weapons a - a blessed +1 quarterstaff G - a +0 orcish dagger I - the blessed +4 Sting (weapon in hand) L - a +0 dagger M - a +0 dart Armor e - an uncursed +0 cloak of magic resistance (being worn) q - an uncursed +0 orcish helm (being worn) Comestibles K - 2 uncursed slime molds Scrolls i - a blessed scroll of light j - an uncursed scroll of magic mapping k - an uncursed scroll of gold detection s - an uncursed scroll of enchant weapon Spellbooks l - a blessed spellbook of force bolt m - an uncursed spellbook of magic missile v - an uncursed spellbook of cause fear O - an uncursed spellbook of extra healing Potions f - an uncursed potion of booze g - an uncursed potion of extra healing h - an uncursed potion of gain energy w - an uncursed potion of object detection x - a cursed potion of restore ability z - a cursed potion of levitation P - a blessed potion of monster detection Rings c - an uncursed ring of sustain ability d - an uncursed ring of searching A - an uncursed ring of polymorph control B - an uncursed ring of warning E - an uncursed +1 ring of adornment Wands b - a wand of light (0:11) Tools n - a magic marker (0:98) o - an uncursed blindfold Gems y - an uncursed obsidian stone Spells and supernatural/magical abilities: Name Level Category Fail Memory a - force bolt 1 attack 0% 88% m - magic missile 2 attack 0% 88% W - pray for help -- divine ? -- Your skills at the end: Fighting Skills Weapon Skills dagger [Basic] quarterstaff [Basic] Spellcasting Skills attack spells [Basic] enchantment spells [Basic] Final Attributes: You were piously aligned. You were magic-protected. You were aware of the presence of orcs. You are dead. Vanquished creatures: a gnome lord a kobold lord 4 dwarf zombies a werejackal 4 iguanas 2 hobbits 9 manes a yellow mold a green mold a gecko 3 jackals 2 foxes 3 goblins 2 sewer rats 4 grid bugs a bat 4 lichens 5 kobold zombies 9 newts 58 creatures vanquished. Voluntary challenges: You were an atheist. You used a wielded weapon 62 times, starting on turn 3. You read items or engraved 3 times, starting on turn 263. You never genocided any monsters. You never polymorphed an object. You never changed form. You used no wishes. You never split a pudding. You wrote Elbereth's name 1 time, starting on turn 2282. You never violated your personal moral code. Dungeon overview: The Dungeons of Doom: levels 1 to 5 Level 1 a long staircase Level 2 a jewelry store Level 3 a long staircase Level 4 Level 5 <- You were here some fountains History has recorded: On T:1 you entered the Dungeons of Doom to retrieve the Amulet of Yendor! On T:267 you reached level 2 of The Dungeons of Doom. On T:910 you advanced to experience level 2. On T:1016 you advanced to experience level 3. On T:1065 you reached level 3 of The Dungeons of Doom. On T:1586 you reached level 4 of The Dungeons of Doom. On T:1975 you advanced to experience level 4. On T:2033 you reached level 5 of The Dungeons of Doom. Score breakdown: Gold: 441 ( 8998 points) Experience: 4 levels ( 9649 points) Exploration: 5 levels ( 10.42%) ( 8751 points) Discoveries: 1 item ( 0.35%) ( 1770 points) Valuables value: (no points given unless you survive) Artifact value: 800 ( 9877 points) Variety of kills: 19 monsters ( 4.99%) ( 6699 points) Turncount: 2418 turns ( -281 points) Survival: died (score multiplied by 80%) Total score: 36370 Latest messages: You stop exploring. The spell hits the gnome lord! The spell hits it. You kill it! You kill the gnome lord! You stop exploring. The manes hits! (2x) The manes bites! You destroy the manes! This door is locked. That door is closed. The door crashes open! The spell hits the kobold zombie! You destroy the kobold zombie! You displace Honda. You stop exploring. The water demon hits! (2x) The water demon bites! You hit the water demon! The water demon hits! (2x) The water demon bites! You die... Final status: Goodbye Umenahisha the Wizard, killed by a water demon... You died in The Dungeons of Doom on dungeon level 5 with 36370 points, and 441 pieces of gold, after 2418 moves. You were level 4 with a maximum of 36 hit points when you died.